Map: Turbo Cruise '84 LE

Players

dladhksehd

  • Race: Terran Terran
  • League: Bronze
  • Spawn Location: 3:00

playezvibe - Winner!

  • Race: Protoss Protoss
  • League: Bronze
  • Spawn Location: 7:00

VOD

Have the link to the VOD?

Description

Time

  • Played on: June 4, 2019, 7:43 p.m.
  • Length: 21:40
Show
View Real Time Build Order
Export as new Build Order

dladhksehd Terran 

Build Orders: Gas First Reaper Expand 

Get SALT Encoding   

  12  0:08  SCV  
  13  0:26  SCV  
  14  0:29  Supply Depot  
  14  0:31  Refinery  
  14  0:48  SCV  
  15  0:54  Barracks  
  15  1:06  SCV  
  16  1:14  Refinery  
  16  1:18  SCV  
  18  1:32  SCV  
  18  1:43  Supply Depot  
  18  1:51  Orbital Command  
  19  2:01  Reaper  
  19  2:13  Command Center  
  19  2:21  SCV  
  21  2:41  Barracks Reactor  
  21  2:44  SCV  
  21  2:56  Bunker  
  21  3:08  Engineering Bay, SCV  
  22  3:19  Factory  
  21  3:25  Marine x2  
  23  3:32  SCV  
  24  3:44  Marine  
  24  3:47  Refinery  
  25  3:59  Marine  
  26  4:07  Factory Tech Lab, Bunker  
  26  4:12  Marine  
  27  4:28  Starport  
  27  4:29  SCV  
  28  4:47  Bunker  
  28  4:51  Barracks  
  29  4:57  Planetary Fortress, Refinery  
  28  5:04  SCV  
  29  5:30  Missile Turret  
  29  5:32  SCV  
  30  5:37  SCV  
  30  5:39  Factory Tech Lab  
  31  5:42  Barracks Tech Lab  
  31  5:49  SCV  
  32  5:56  Ghost Academy  
  32  5:59  Banshee  
  32  6:01  Siege Tank  
  38  6:10  SCV  
  38  6:11  Ghost Academy  
  39  6:15  Supply Depot  
  39  6:27  Marine x2  
  39  6:30  SCV  
  42  6:41  Marine  
  42  6:42  Banshee  
  42  6:44  Nuke  
  46  6:50  Supply Depot  
  46  6:51  Supply Depot  
  46  6:59  Marine  
  47  7:04  SCV, Missile Turret  
  48  7:15  Bunker  
  48  7:23  Ghost  
  48  7:27  Personal Cloaking  
  50  7:38  Supply Depot  
  50  7:43  Supply Depot  
  50  7:52  Ghost  
  50  7:55  Missile Turret  
  50  7:56  Missile Turret  
  52  8:26  Ghost  
  54  8:29  SCV  
  54  8:31  Missile Turret  
  55  8:35  Marine, Missile Turret  
  55  8:37  Marine  
  55  8:40  Cyclone  
  55  8:41  SCV  
  61  8:53  Missile Turret  
  61  8:55  Missile Turret  
  61  9:09  Missile Turret  
  59  9:39  Bunker  
  59  9:44  Bunker  
  59  9:48  Bunker  
  57  10:04  Siege Tank  
  57  10:06  SCV  
  61  10:09  Supply Depot  
  61  10:11  Nuke  
  61  10:26  Nuke  
  61  10:32  Supply Depot  
  61  10:44  Cyclone  
  61  10:46  Banshee  
  67  10:54  SCV  
  67  10:55  Fusion Core  
  68  10:57  Missile Turret  
  66  11:16  Supply Depot  
  66  11:17  Ghost  
  68  11:19  SCV  
  68  11:23  Missile Turret  
  69  11:44  Missile Turret  
  69  11:45  Ghost  
  65  12:00  Bunker  
  65  12:05  Missile Turret  
  65  12:27  Ghost  
  67  12:35  Ghost Academy  
  67  12:45  Missile Turret  
  67  13:04  Ghost Academy  
  62  13:05  Command Center  
  57  13:18  Bunker  
  57  13:48  Nuke  
  55  13:49  Nuke, Bunker  
  55  13:53  Ghost Academy  
  55  13:56  Ghost  
  55  13:57  SCV  
  58  14:15  SCV  
  59  14:26  Bunker  
  59  14:33  Supply Depot  
  59  14:36  Siege Tank  
  62  14:42  SCV  
  63  14:48  SCV  
  64  14:54  Refinery  
  61  15:40  SCV  
  63  16:00  Barracks  
  63  16:01  Planetary Fortress  
  62  16:12  Barracks  
  62  16:36  Ghost Academy  
  62  16:40  SCV  
  63  16:53  SCV  
  64  17:04  Barracks Tech Lab  
  64  17:13  SCV, Barracks  
  65  17:19  Nuke  
  65  17:24  Barracks Tech Lab  
  65  17:25  SCV  
  66  17:32  Supply Depot  
  66  17:52  SCV  
  66  17:56  Ghost  
  69  18:24  SCV, Refinery  
  70  19:10  Nuke  
  70  19:12  Ghost  
  72  19:17  SCV  
  72  19:18  Missile Turret  
  73  19:40  Ghost  
  75  19:45  Ghost Academy  
  75  19:48  SCV  
  75  19:50  Ghost Academy  
  76  20:09  Ghost  
  78  20:17  Nuke  
  78  20:18  SCV  
  79  20:21  Missile Turret  
  75  20:53  Supply Depot  
Show
View Real Time Build Order
Export as new Build Order

playezvibe Protoss - Winner!

Build Orders:  

Get SALT Encoding   

  12  0:11  Probe  
  13  0:17  Pylon  
  13  0:26  Pylon  
  13  0:29  Probe  
  14  0:37  Assimilator  
  14  0:44  Probe  
  15  0:51  Gateway  
  15  0:56  Probe  
  16  1:10  Probe  
  16  1:18  Probe  
  18  1:27  Probe  
  19  1:49  Cybernetics Core  
  19  1:57  Pylon  
  19  2:06  Pylon  
  21  2:20  Adept  
  21  2:46  Robotics Facility  
  21  2:50  Adept, Warp Gate  
  23  2:56  Assimilator  
  23  3:27  Probe  
  24  3:39  Probe, Nexus  
  25  3:52  Probe  
  24  4:26  Pylon  
  24  4:30  Pylon  
  24  4:36  Pylon  
  24  4:45  Pylon  
  24  4:54  Pylon  
  24  4:59  Observer  
  25  5:00  Pylon  
  25  5:05  Probe  
  25  5:13  Probe  
  26  5:18  Stalker  
  29  5:23  Probe  
  29  5:24  Gateway  
  29  5:25  Gateway  
  29  5:27  Gateway  
  30  5:28  Gateway  
  30  5:33  Gateway  
  30  5:35  Probe, Gateway  
  31  5:37  Gateway  
  31  5:47  Probe  
  32  5:51  Immortal  
  36  6:22  Forge  
  36  6:27  Probe  
  36  6:29  Protoss Air Weapons Level 1  
  36  6:31  Immortal  
  42  6:40  Probe  
  42  6:50  Forge  
  42  6:57  Shield Battery  
  42  7:03  Shield Battery  
  42  7:04  Immortal  
  42  7:10  Probe  
  42  7:11  Assimilator  
  47  7:16  Assimilator  
  47  7:18  Probe  
  48  7:23  Protoss Ground Weapons Level 1  
  48  7:27  Protoss Shields Level 1  
  48  7:28  Probe  
  49  7:37  Stalker x2  
  49  7:38  Stalker  
  49  7:39  Immortal  
  49  7:40  Probe  
  60  7:49  Probe  
  60  7:57  Probe  
  62  8:06  Probe  
  63  8:14  Pylon  
  63  8:18  Probe, Pylon  
  64  8:26  Probe  
  65  8:40  Stalker  
  65  8:41  Stalker x2  
  69  8:42  Stalker x3  
  69  8:43  Stalker  
  69  8:44  Stalker  
  81  9:07  Protoss Air Armor Level 1  
  81  9:13  Twilight Council  
  81  9:44  Observer  
  82  10:10  Probe  
  83  10:21  Zealot  
  83  10:22  Probe  
  83  10:26  Zealot x3  
  83  10:28  Zealot  
  94  10:39  Pylon  
  94  10:40  Charge  
  94  10:47  Pylon  
  94  10:50  Pylon  
  94  10:57  Probe  
  94  11:04  Templar Archives  
  95  11:09  Protoss Ground Weapons Level 2  
  95  11:11  Protoss Shields Level 2  
  95  11:33  Nexus  
  95  11:40  Robotics Bay  
  95  12:01  Nexus  
  95  12:23  Photon Cannon  
  95  12:25  Photon Cannon  
  95  12:27  Blink  
  95  12:33  High Templar  
  95  12:34  High Templar  
  99  12:37  Sentry x3  
  99  12:38  Sentry  
  99  12:42  Zealot  
  99  12:43  Zealot  
  108  13:14  Probe  
  109  13:22  Probe  
  110  13:31  Probe  
  111  13:43  Probe  
  110  13:55  Probe  
  110  13:58  Pylon  
  110  14:01  Pylon  
  110  14:05  Assimilator  
  110  14:07  Probe, Assimilator  
  111  14:19  Probe  
  111  14:22  Pylon  
  112  14:28  Protoss Ground Armor Level 1  
  112  14:32  Probe  
  112  14:33  Protoss Ground Weapons Level 3  
  113  14:42  Probe  
  114  14:52  Zealot x4  
  120  14:53  Zealot x4  
  120  14:54  Probe  
  131  15:06  Probe  
  132  15:19  Probe  
  128  15:31  Probe  
  129  15:37  Observer  
  130  15:54  Probe  
  131  16:06  Probe  
  131  16:10  Observer  
  133  16:18  Zealot  
  133  16:19  Zealot  
  133  16:21  Zealot x2  
  141  16:37  Pylon  
  141  16:51  Probe  
  141  16:55  Colossus  
  141  17:00  Probe  
  149  17:21  Pylon  
  149  17:36  Pylon  
  149  17:37  Psionic Storm  
  149  17:39  Probe  
  150  17:49  Colossus  
  156  17:58  Protoss Ground Armor Level 2  
  156  18:04  Protoss Shields Level 3  
  156  18:07  Pylon  
  156  18:13  Stalker x2  
  156  18:14  Stalker  
  156  18:15  Stalker  
  164  18:27  Zealot x3  
  164  18:28  Zealot  
  172  18:48  Stargate  
  172  19:20  Pylon  
  172  19:38  Pylon  
  172  19:45  Fleet Beacon  
  172  19:55  Colossus  
Tags
 
Add a new tag
Caveats
  • Supply blocks, unpowered buildings, or Contaminate may cause inaccurate times.
  • Supply counts are checked every 10 seconds.